 Dungeon Crawl Stone Soup version 0.29-a0-821-g66395355a5 (webtiles) character file.

Game seed: 6445577343229667497

134 avis the Chiller (level 4, -3/36 HPs)
             Began as a Demigod Ice Elementalist on July 8, 2022.
             Slain by a gnoll
             ... wielding a +0 club
              (7 damage)
             ... on level 2 of the Dungeon.
             The game lasted 00:11:49 (3025 turns).

avis the Chiller (Demigod Ice Elementalist)         Turns: 3025, Time: 00:11:49

Health: -3/36      AC:  8    Str:  9    XL:     4   Next: 64%
Magic:  2/11       EV: 12    Int: 17    God:
Gold:   99         SH:  0    Dex: 18    Spells: 5/9 levels left

rFire   . . .      SeeInvis .   d - +0 dagger
rCold   . . .      Faith    .   (no shield)
rNeg    . . .      Spirit   .   a - +0 robe
rPois   .          Reflect  .   (no helmet)
rElec   .          Harm     .   (no cloak)
rCorr   .          Rampage  .   (no gloves)
Will    .....                   (no boots)
Stlth   ++........              (no amulet)
HPRegen 0.12/turn               (no ring)
MPRegen 0.12/turn               (no ring)

@: mighty, ice-armoured
A: high MP 1, forlorn, divine attributes
a: no special abilities


You were on level 2 of the Dungeon.
You visited 1 branch of the dungeon, and saw 2 of its levels.

You collected 99 gold pieces.

Inventory:

Hand Weapons
 d - a +0 dagger (weapon)
Missiles
 g - 2 javelins
Armour
 a - a +0 robe (worn)
Magical Staves
 o - a staff of fire
Scrolls
 c - a scroll of enchant armour {unknown}
 i - a scroll of blinking {unknown}
 j - a scroll of vulnerability {unknown}
Potions
 b - a potion of magic
 e - a potion of mutation
 k - a potion of resistance {unknown}
 l - a potion of invisibility {unknown}
 m - a potion of attraction {unknown}
 n - a potion of flight {unknown}
 p - a potion of heal wounds {unknown}
 q - a potion of curing {unknown}


   Skills:
 - Level 2.0 Fighting
 - Level 1.7 Dodging
 - Level 1.7 Stealth
 - Level 3.0 Spellcasting
 * Level 4.5 Ice Magic


You had 5 spell levels left.
You knew the following spells:

 Your Spells              Type           Power      Damage    Failure   Level
a - Freeze                Ice            68%        1d8       2%          1
o - Ozocubu's Armour      Ice            17%        N/A       9%          3

Your spell library contained the following spells:

 Spells                   Type           Power      Damage    Failure   Level
 Frozen Ramparts          Ice            34%        1d5       9%          3
 Apportation              Tloc           4%         N/A       17%         1
 Necrotise                Necr           8%         1d4       17%         1
 Summon Small Mammal      Summ           8%         N/A       17%         1
 Gell's Gravitas          Tloc           2%         N/A       45%         3
 Lesser Beckoning         Tloc           2%         N/A       45%         3
 Teleport Other           Tloc           2%         N/A       45%         3
 Hailstorm                Conj/Ice       10%        3d5       56%         4


Dungeon Overview and Level Annotations

Branches:
Dungeon (2/15)

Shops:
D:2 =


Innate Abilities, Weirdness & Mutations

You have an increased reservoir of magic. (+10% MP)
You shall have no god before yourself.
Your divine heritage dramatically boosts your attributes as you level up.


Message History

Press: ? - help, Shift-Dir - straight line, f/p - gnoll
Aim: a gnoll, wielding a +0 club (moderately wounded)
You freeze the gnoll.
The gnoll is heavily wounded.
The gnoll closely misses you.
You hit the gnoll.
The gnoll is severely wounded.
The gnoll misses you.
You hit the gnoll but do no damage.
The gnoll is severely wounded.
The gnoll hits you with a +0 club.
* * * LOW HITPOINT WARNING * * *
You closely miss the gnoll.
The gnoll is severely wounded.
The gnoll misses you.
You hit the gnoll but do no damage.
The gnoll is severely wounded.
The gnoll hits you with a +0 club.
* * * LOW HITPOINT WARNING * * *
Okay, then.
As you read the scroll labelled VUM INLELOA, it crumbles to dust.
It is a scroll of identify.
e - a potion of mutation The gnoll hits you with a +0 club.
* * * LOW HITPOINT WARNING * * *
Your magical contamination has completely faded away.
As you read the scroll of identify, it crumbles to dust.
f - a potion of might The gnoll hits you with a +0 club.
* * * LOW HITPOINT WARNING * * *
You feel very mighty all of a sudden. The gnoll hits you with a +0 club.
* * * LOW HITPOINT WARNING * * *
You hit the gnoll but do no damage.
The gnoll is severely wounded.
The gnoll closely misses you.
You closely miss the gnoll.
The gnoll is severely wounded.
The gnoll hits you with a +0 club!
You die...

#......#
#......#
#......#
#......#
#......###
##
#......'.#
#.
#......#.#
#.
########.#
#. #@# #.
#g#
########.
.g#
#........
...#
#.###....
....'
#...#....
.....#
###.#....
#.....#
#.#...#
#.....#
#)#...#
#.#...#


You could see 2 gnolls.

Vanquished Creatures
  Jessica (D:2)
  Terence (D:2)
  A gnoll (D:2)
  3 adders (D:2)
  2 worms (D:2)
  A dart slug (D:1)
  4 bats
  3 endoplasms
  3 giant cockroaches
  4 goblins
  5 hobgoblins (D:2)
  A kobold (D:2)
  3 quokkas
  4 frilled lizards
  3 rats
39 creatures vanquished.

Notes
Turn   | Place    | Note
-------+----------+-------------------------------------------
     0 | D:1      | avis the Demigod Ice Elementalist began the quest for the
                  | Orb.
     0 | D:1      | Reached XP level 1. HP: 14/14 MP: 5/5
     2 | D:1      | Noticed a spriggan
     2 | D:1      | Noticed a vampire
     4 | D:1      | Noticed a demigod
     4 | D:1      | Noticed a demonspawn
     6 | D:1      | Noticed a naga
     8 | D:1      | Noticed a ghoul
     8 | D:1      | Noticed a human
    12 | D:1      | Noticed a gargoyle
    14 | D:1      | Noticed a merfolk
    16 | D:1      | Noticed a draconian
    16 | D:1      | Noticed an elf
    18 | D:1      | Noticed a troll
    18 | D:1      | Noticed a vine stalker
    20 | D:1      | Noticed an octopode
    20 | D:1      | Noticed a minotaur
    22 | D:1      | Noticed a tengu
    22 | D:1      | Noticed a dwarf
    24 | D:1      | Noticed a formicid
    24 | D:1      | Noticed a felid
    26 | D:1      | Noticed an ogre
   292 | D:1      | Reached skill level 1 in Fighting
   739 | D:1      | Reached XP level 2. HP: 17/23 MP: 1/7
  1552 | D:2      | Reached skill level 4 in Ice Magic
  1747 | D:2      | Reached XP level 3. HP: 25/29 MP: 4/8
  1790 | D:2      | Learned a level 3 spell: Ozocubu's Armour
  1941 | D:2      | Noticed Jessica
  1950 | D:2      | Killed Jessica
  2144 | D:2      | Found Visias's Jewellery Shop.
  2381 | D:2      | Noticed Terence
  2444 | D:2      | Killed Terence
  2445 | D:2      | Reached XP level 4. HP: 29/36 MP: 2/11
  3025 | D:2      | Slain by a gnoll

Illustrated notes

Levels and vault maps discovered:
D:1:      kb_arrival_jail, layout_basic
D:2:      layout_basic, shapermc_ecumenical_altar_ellora, serial_shops,
          nicolae_shop_trees, uniq_terence, uniq_jessica

Skill      XL: |  1  2  3 |
---------------+----------+-----
Fighting       | 1 2 |  2.0
Spellcasting   | 2 3 |  3.0
Ice Magic      | 4 |  4.5
Dodging        | |  1.7
Stealth        | |  1.7

Action                   |  1- 3 |  4- 6 || total
-------------------------+-------+-------++-------
Melee: Unarmed           |     1 |       ||     1
       Dagger            |     2 |    34 ||    36
 Cast: Freeze            |    49 |    28 ||    77
       Ozocubu's Armour  |     1 |     2 ||     3
  Use: Scroll            |       |     2 ||     2
       Potion            |       |     1 ||     1
 Stab: Sleeping          |     2 |       ||     2
Armor: Robe              |    15 |     6 ||    21
Dodge: Dodged            |    30 |    20 ||    50

Table legend: (Time is in decaauts)
 A = Elapsed time spent in this place.
 B = Non-inter-level travel time spent in this place.
 C = Inter-level travel time spent in this place.
 D = Time resting spent in this place.
 E = Time spent auto-exploring this place.
 F = Levels seen in this place.
 G = Mean time per level.
                   A        B        C        D        E       F      G
               +--------+--------+--------+--------+--------+-----+--------+
         Total |   3025 |   2820 |    205 |   1185 |   1150 |   2 | 1512.5 |
       Dungeon |   3025 |   2820 |    205 |   1185 |   1150 |   2 | 1512.5 |
               +--------+--------+--------+--------+--------+-----+--------+

Top non-repeatable levels by time:
     D:1: 1680 daAuts
     D:2: 1345 daAuts
